 Dungeon Crawl Stone Soup version 0.21.0 (console) character file.

250725 Lasty the Eclecticist (level 20, -7/135 HPs)
             Began as a Human Air Elementalist on Jan 7, 2018.
             Was a High Priest of Fedhas.
             Mangled by a stone giant simulacrum (48 damage)
             ... on level 2 of the Vaults.
             The game lasted 02:43:04 (61620 turns).

Lasty the Eclecticist (Human Air Elementalist)     Turns: 61620, Time: 02:43:34

Health: -7/135     AC: 37    Str: 10    XL:     20   Next: 43%
Magic:  29/49      EV: 19    Int: 27    God:    Fedhas [*****.]
Gold:   762        SH: 10    Dex: 14    Spells: 18/51 levels left

rFire    . . .     SeeInvis +   a - +6 scimitar (flame)
rCold    . . .     Gourm    .   f - +1 shield {AC+3}
rNeg     . . .     Faith    .   b - +5 swamp dragon scales
rPois    +         Spirit   .   i - +2 helmet {SInv}
rElec    .         Reflect  .   o - +2 cloak
rCorr    .         Harm     +   j - +2 pair of gloves
MR       ++...                  y - +2 pair of boots
Stlth    +.........             W - amulet "Saempiquyl" {Harm *Contam *Drain MR+ MP+9 Int+4}
HPRegen  0.32/turn              Z - +5 ring of protection
MPRegen  0.31/turn              B - +5 ring of evasion

@: no status effects
A: blurry vision 1
}: 2/15 runes: decaying, gossamer
a: Fungal Bloom, Evolution, Sunlight, Growth, Reproduction, Rain, Renounce
Religion


You were on level 2 of the Vaults.
You worshipped Fedhas.
Fedhas was extremely pleased with you.
You were not hungry.

You visited 7 branches of the dungeon, and saw 34 of its levels.
You visited 1 bazaar.
You also visited: Sewer.

You collected 4009 gold pieces.
You spent 3247 gold pieces at shops.


Innate Abilities, Weirdness & Mutations

Scrolls take you a little longer to read.


   Skills:
 - Level 6.1 Fighting
 - Level 11.7 Long Blades
 - Level 12.0 Armour
 - Level 10.1 Dodging
 - Level 2.0 Stealth
 + Level 5.8 Shields
 - Level 16.0 Spellcasting
 - Level 15.1 Conjurations
 - Level 2.0 Ice Magic
 - Level 15.0 Air Magic
 - Level 5.1 Invocations


You had 18 spell levels left.
You knew the following spells:

 Your Spells              Type           Power        Failure   Level  Hunger
a - Shock                 Conj/Air       ####         1%          1    None
b - Blink                 Tloc           N/A          22%         2    None
e - Fulminant Prism       Conj/Hex       ######....   7%          4    None
g - Swiftness             Chrm/Air       ######..     1%          2    None
q - Airstrike             Air            #######...   1%          4    None
r - Freezing Cloud        Conj/Ice/Air   ######....   28%         6    ###....
s - Static Discharge      Conj/Air       #######.     1%          3    None
w - Lightning Bolt        Conj/Air       #######...   1%          5    None
x - Regeneration          Chrm/Necr      ###.......   41%         3    None
z - Ozocubu's Armour      Chrm/Ice       ####....     30%         3    None

Inventory:

Hand Weapons
 a - a +6 scimitar of flaming (weapon)
   (You took it off Azrael on level 2 of the Orcish Mines)
 G - a +3 demon trident of electrocution
   (You took it off Asterion on level 3 of the Spider Nest)
Missiles
 S - 2 throwing nets (quivered)
Armour
 b - +5 swamp dragon scales (worn)
 f - a +1 shield of protection (worn)
   (You found it on level 1 of the Vaults)
 i - a +2 helmet of see invisible (worn)
   (You bought it in a shop in a bazaar)
 j - a +2 pair of gloves (worn)
 o - a +2 cloak (worn)
 y - a +2 pair of boots (worn)
Jewellery
 m - an uncursed ring of wizardry
 s - the amulet "Roichil" {Reflect rElec Str+3 SH+3}
   (You found it on level 1 of the Spider Nest)

   [amulet of reflection]

   It shields you and reflects attacks.
   It affects your strength (+3).
   It insulates you from electricity.
   It affects your SH (+3).
 t - the ring of Doubts {rF- MR+++ Str+5 Stlth+}
   (You took it off a skeletal warrior on level 15 of the Dungeon)

   [ring of stealth]

   It affects your strength (+5).
   It makes you vulnerable to fire.
   It affects your resistance to hostile enchantments.
   It makes you more stealthy.
 x - an uncursed ring of protection from fire
 B - a +5 ring of evasion (right hand)
 K - an uncursed ring of ice
 W - the amulet "Saempiquyl" (around neck) {Harm *Contam *Drain MR+ MP+9 Int+4}
   (You bought it in a shop on level 7 of the Dungeon)

   [amulet of harm]

   It increases damage dealt and taken.
   It affects your intelligence (+4).
   It affects your resistance to hostile enchantments.
   It affects your magic capacity (+9).
   It causes magical contamination when unequipped.
   It causes draining when unequipped.
 Z - a +5 ring of protection (left hand)
Wands
 k - a wand of digging (45)
 p - a wand of acid (6)
 D - a wand of clouds (7)
 P - a wand of scattershot (5)
 Q - a wand of enslavement (41)
 T - a wand of iceblast (11)
Scrolls
 e - a scroll of blinking
 n - 4 scrolls of enchant weapon
 z - 2 scrolls of magic mapping {!r}
 A - a scroll of fear {!r}
 I - 3 scrolls of fog
 L - 4 scrolls of remove curse
 N - 3 scrolls of holy word {!r}
 O - 3 scrolls of identify
 U - 9 scrolls of teleportation {!r}
Potions
 h - 3 potions of cancellation {!q}
 l - a potion of resistance {!q}
 r - 4 potions of agility {!q}
 u - 4 potions of ambrosia
 v - 4 potions of berserk rage {!q}
 w - 4 potions of brilliance {!q}
 C - 10 potions of curing
 E - 3 potions of heal wounds {!q}
 F - a potion of invisibility {!q}
 H - 5 potions of haste {!q}
 R - 8 potions of lignification {!q}
 V - 2 potions of magic {!q}
 X - 3 potions of might {!q}
Books
 M - a book of Ice

   Spells                             Type                      Level
   a - Ice Form                       Ice/Transmutation            4
   b - Metabolic Englaciation         Hexes/Ice                    5
   c - Ozocubu's Refrigeration        Ice                          6
   d - Bolt of Cold                   Conjuration/Ice              6
   e - Freezing Cloud                 Conjuration/Ice/Air          6
   f - Simulacrum                     Ice/Necromancy               6
Miscellaneous
 d - a sack of spiders
 g - 2 boxes of beasts
 J - a phial of floods
 Y - a lamp of fire
Comestibles
 c - 54 rations


Message History

Aim: a stone giant simulacrum (hasn't noticed you)
The air twists around and strikes the stone giant simulacrum!
The stone giant simulacrum is moderately damaged.
Aiming: Airstrike
Aim: a stone giant simulacrum (moderately damaged)
The air twists around and strikes the stone giant simulacrum!
The stone giant simulacrum is moderately damaged.
You hear a horrible gurgling sound!
A white ugly thing comes into view.
Aiming: Airstrike
Aim: a stone giant simulacrum (moderately damaged)
The air twists around and strikes the stone giant simulacrum!
The stone giant simulacrum is heavily damaged.
The stone giant simulacrum hits you!
The stone giant simulacrum freezes you!!
You take 40 damage.
Unknown command.
The stone giant simulacrum is struck by lightning.
The stone giant simulacrum is severely damaged.
The lightning arcs!
The white ugly thing is struck by lightning.
The white ugly thing is lightly wounded.
The lightning arcs!
The stone giant simulacrum is struck by lightning.
The stone giant simulacrum is severely damaged.
The lightning arcs!
You are struck by lightning.
The lightning grounds out.
The stone giant simulacrum hits you!!
The stone giant simulacrum freezes you!!
* * * LOW HITPOINT WARNING * * *
You take 42 damage.
Unknown command.
The white ugly thing is struck by lightning.
The white ugly thing is lightly wounded.
The lightning arcs!
The stone giant simulacrum is struck by lightning.
The stone giant simulacrum is almost destroyed.
The lightning grounds out.
The white ugly thing gores you but does no damage.
Unknown command.
Unknown command.
Aiming: Airstrike
Aim: a stone giant simulacrum (almost destroyed)
The air twists around and strikes the stone giant simulacrum!
The stone giant simulacrum is almost destroyed.
You block the white ugly thing's attack.
The stone giant simulacrum hits you!
* * * LOW HITPOINT WARNING * * *
The stone giant simulacrum freezes you!!!
You die...
Fedhas appreciates your contribution to the ecosystem.

..▒▒.)...▒▒▒.....▒▒.......▒
..▒▒...▒▒▒ ▒▒▒...▒▒.......▒
..▒.)..▒ ▒....'.......▒
.[▒)..▒▒ ▒▒...▒.......▒
.)')..▒ ▒...▒.......▒
.†▒...▒* ▒▒...▒.......▒
▒▒▒....▒ ▒....▒.......▒
▒▒...▒** ▒▒▒...▒▒.......▒
▒.....▒▒▒...u@▒▒.......▒
▒▒..........Z▒▒▒.......▒
*▒........[▒▒ ▒.......▒
*▒▒.....▒▒▒ ▒▒▒▒▒▒▒▒▒
▒▒▒▒'▒***** **** ▒.,,,,,*
*,,* ▒,,,,,,*
****,,***,,,,,,*
*,,*+*,,*,,,,,,*


You could see a white ugly thing and a stone giant simulacrum.

Vanquished Creatures
  the Lernaean hydra (Swamp:4)
  Nikola (Vaults:1)
  Asterion (Spider:3)
  A sphinx (D:15)
  Kirke (D:15)
  Gastronok (Lair:1)
  Roxanne (Spider:3)
  2 ghost moths (Spider:4)
  Louise (D:14)
  2 vault wardens
  9 emperor scorpions
  The ghost of tcjsavannah the Brawler, a journeyman TrAr of Qazlal (D:15)
  A frost giant (D:15)
  2 orc warlords
  3 entropy weavers
  2 ironheart preservers (Vaults:1)
  A stone giant (Vaults:1)
  4 dire elephants (Lair:6)
  Azrael (Orc:2)
  Snorg (Orc:2)
  An ettin (D:15)
  2 fire dragons (D:15)
  4 great orbs of eyes (D:15)
  4 yaktaur captains
  8 vault guards
  An ice dragon (D:15)
  A catoblepas (D:14)
  6 centaur warriors
  26 hydras
  4 ogre magi
  2 tengu warriors
  An anaconda (Lair:6)
  A death knight (D:12)
  8 alligators
  25 two-headed ogres
  A queen ant (Lair:1)
  2 deep troll shamans
  3 orc high priests
  A deep elf knight (Vaults:1)
  9 skeletal warriors
  5 unseen horrors
  11 swamp dragons
  A glowing orange brain (Vaults:1)
  A wizard (Vaults:1)
  3 spriggan druids
  A deep elf archer (D:15)
  2 ironbrand convokers
  5 harpies (Vaults:1)
  A phantasmal warrior (D:13)
  10 orc knights
  2 deep elf magi
  9 ugly things
  7 orc sorcerers
  21 wolf spiders
  17 orb spiders
  8 cyclopes
  3 manticores
  4 elephants (Lair:6)
  A moth of wrath (Spider:4)
  Joseph (D:9)
  2 gargoyles
  A torpor snail (Lair:3)
  5 centaur skeletons
  14 spiny frogs
  A rime drake (Lair:6)
  2 kobold demonologists
  13 komodo dragons
  An efreet (D:13)
  14 yaktaurs
  11 demonic crawlers
  11 trolls
  A meliai (D:15)
  A meliai (shapeshifter) (Vaults:1)
  28 jumping spiders
  6 tyrant leeches
  16 hornets
  A tengu conjurer (D:13)
  17 slime creatures
  8 hippogriffs
  22 blink frogs
  Grinder (D:5)
  6 bog bodies
  A harpy skeleton (D:15)
  5 shadows
  6 spriggans
  2 wraiths
  A centaur simulacrum (D:15)
  A vampire (D:11)
  6 hogs (D:15)
  67 redbacks
  23 yaks
  20 tarantellas
  A yak (shapeshifter) (D:15)
  5 wyverns
  Grum (D:8)
  3 fire elementals (Orc:2)
  9 vampire mosquitoes
  5 hungry ghosts
  4 basilisks
  Menkaure (D:5)
  10 insubstantial wisps
  28 swamp worms
  A warg (D:9)
  4 acid dragons
  20 soldier ants
  4 water moccasins
  8 porcupines
  4 hell hounds (Orc:2)
  10 swamp drakes
  30 orc warriors
  2 sky beasts
  4 ice beasts
  A hornet zombie (D:10)
  20 ogres
  An ettin simulacrum (Vaults:2)
  2 phantoms
  5 boggarts (Vaults:2)
  15 wolves
  7 centaurs
  4 crocodiles
  7 big kobolds
  A wandering mushroom (Lair:6)
  A wyvern zombie (D:14)
  24 bullfrogs
  A wyvern skeleton (D:8)
  A water moccasin skeleton (D:12)
  4 scorpions
  6 wights
  2 howler monkeys (D:13)
  8 electric eels
  A bullfrog zombie (D:6)
  11 crimson imps
  3 centaur zombies
  4 jellies
  7 hounds
  8 orc priests
  Crazy Yiuf (D:2)
  13 orc wizards
  2 bullfrog skeletons
  2 iguanas
  30 worker ants
  A hound zombie (D:7)
  A howler monkey zombie (D:8)
  A worker ant zombie (D:8)
  Robin (D:2)
  16 adders
  7 river rats
  3 shadow imps
  4 oozes
  3 adder skeletons
  16 worms
  2 dart slugs
  5 leopard geckos
  74 orcs
  12 giant cockroaches
  14 hobgoblins
  15 jackals
  23 kobolds
  4 quokkas
  A ball python (Sewer)
  7 bats
  15 frilled lizards
  19 goblins
  A jackal skeleton (D:7)
  A leopard gecko skeleton (D:7)
  A quokka skeleton (D:5)
  10 rats
1177 creatures vanquished.

Vanquished Creatures (collateral kills)
  A dire elephant (Lair:6)
  2 hydras
  2 death yaks (Lair:3)
  An orc high priest (Orc:1)
  2 deep trolls (Vaults:1)
  A manticore (D:14)
  2 black mambas (Lair:3)
  A rime drake (Lair:3)
  A polar bear (Lair:6)
  2 blink frogs
  A hippogriff (Lair:3)
  A basilisk (Lair:3)
  2 swamp worms (Lair:1)
  3 soldier ants (Lair:2)
  3 water moccasins
  A porcupine (Lair:2)
  2 orc warriors (Orc:2)
  4 wolves (Lair:3)
  A centaur (D:11)
  A crocodile (Lair:6)
  A bullfrog (Lair:5)
  A worker ant (Lair:2)
  3 hell rats (Lair:3)
  3 river rats (Lair:3)
  A worm (Lair:1)
  3 orcs (Orc:1)
  A rat (Lair:3)
47 creatures vanquished.

Vanquished Creatures (others)
  A ghost moth (Spider:3)
  2 hydras (Swamp:2)
  2 swamp dragons (Swamp:2)
  2 shambling mangroves
  A redback zombie (D:14)
  19 wandering mushrooms
  3 hornets
  A spriggan (Swamp:3)
  A yak (D:9)
  3 vampire mosquitoes
  A human (D:15)
  2 insubstantial wisps (Swamp:2)
  A necrophage (D:9)
  3 centaurs (D:11)
  A crocodile (Lair:5)
  2 killer bee zombies (D:10)
  An orc (Orc:1)
  2 bushes (D:14)
  64 fungi
  20 plants
  93 toadstools
225 creatures vanquished.

Grand Total: 1449 creatures vanquished

Notes
Turn   | Place    | Note
-------+----------+-------------------------------------------
     0 | D:1      | Lasty the Human Air Elementalist began the quest for the Orb.
     0 | D:1      | Reached XP level 1. HP: 13/13 MP: 3/3
   273 | D:1      | Reached XP level 2. HP: 15/19 MP: 0/5
   327 | D:1      | Learned a level 2 spell: Swiftness
   379 | D:1      | Reached skill level 2 in Conjurations
   933 | D:1      | Reached XP level 3. HP: 24/24 MP: 0/6
  1473 | D:1      | Reached skill level 3 in Conjurations
  1961 | D:2      | Noticed Robin
  1977 | D:2      | Killed Robin
  1977 | D:2      | Reached XP level 4. HP: 30/30 MP: 2/7
  2264 | D:2      | Found a hazy altar of Hepliaklqana.
  2351 | D:2      | Noticed Sigmund
  2376 | D:2      | Learned a level 3 spell: Static Discharge
  2414 | D:2      | Noticed a bullfrog
  2480 | D:2      | Killed a bullfrog
  2480 | D:2      | Reached skill level 4 in Conjurations
  2480 | D:2      | Reached skill level 4 in Air Magic
  2480 | D:2      | Reached XP level 5. HP: 19/35 MP: 2/8
  3134 | D:2      | Found a runed door.
  3180 | D:2      | Noticed Crazy Yiuf
  3186 | D:2      | Killed Crazy Yiuf
  3186 | D:2      | Reached XP level 6. HP: 39/41 MP: 1/9
  3941 | D:4      | Found a sacrificial altar of Ru.
  4193 | D:4      | Reached skill level 5 in Conjurations
  4193 | D:4      | Reached skill level 5 in Air Magic
  4648 | D:4      | Reached XP level 7. HP: 35/46 MP: 5/10
  4944 | D:5      | Entered Level 5 of the Dungeon
  4982 | D:5      | Noticed Grinder
  4988 | D:5      | Paralysed by Grinder for 4 turns
  5065 | D:5      | Noticed Menkaure
  5071 | D:5      | Killed Menkaure
  5128 | D:5      | Found a glowing drain.
  5167 | Sewer    | Entered a sewer
  5552 | Sewer    | Reached skill level 6 in Conjurations
  5552 | Sewer    | Reached skill level 6 in Air Magic
  5846 | D:5      | Reached XP level 8. HP: 47/52 MP: 4/12
  5885 | D:5      | Found a white marble altar of Elyvilon.
  6010 | D:5      | Reached skill level 3 in Spellcasting
  6017 | D:5      | Learned a level 4 spell: Airstrike
  6230 | D:5      | Reached skill level 4 in Spellcasting
  6369 | D:5      | Paralysed by Grinder for 4 turns
  6378 | D:5      | Killed Grinder
  6378 | D:5      | Reached skill level 5 in Spellcasting
  6441 | D:5      | Learned a level 5 spell: Lightning Bolt
  6661 | D:5      | Reached skill level 6 in Spellcasting
  6890 | D:5      | Found an ornate altar of the Wu Jian Council.
  7169 | D:6      | Reached XP level 9. HP: 57/57 MP: 5/18
  7282 | D:6      | Found Peoku's Distillery.
  7293 | D:6      | Bought a potion of heal wounds for 60 gold pieces
  7293 | D:6      | Bought a potion of haste for 120 gold pieces
  7293 | D:6      | Bought a potion of lignification for 36 gold pieces
  7293 | D:6      | Bought a potion of curing for 36 gold pieces
  7293 | D:6      | Bought a potion of degeneration for 12 gold pieces
  7647 | D:6      | Reached skill level 7 in Spellcasting
  8431 | D:6      | Reached skill level 8 in Spellcasting
  8615 | D:6      | Found a snail-covered altar of Cheibriados.
  8628 | D:6      | Reached skill level 7 in Air Magic
  8792 | D:6      | Found a staircase to the Ecumenical Temple.
  8797 | Temple   | Entered the Ecumenical Temple
  8899 | Temple   | Became a worshipper of Fedhas Madash
  9546 | D:7      | Reached skill level 8 in Air Magic
  9856 | D:7      | Got a warped flail
  9857 | D:7      | Identified the +4 flail "Zerygubb" {flame, *Slow +Blink Int+3} (You found it on level 7 of the Dungeon)
  9858 | D:7      | --not worth it!
  9914 | D:7      | Reached XP level 10. HP: 61/63 MP: 9/22
 10154 | D:7      | Found Hasain's Jewellery Boutique.
 10433 | D:8      | Noticed Grum
 10449 | D:7      | Reached skill level 9 in Air Magic
 10627 | D:8      | Killed Grum
 10823 | D:8      | Noticed a komodo dragon
 10836 | D:8      | Killed a komodo dragon
 10836 | D:8      | Reached skill level 10 in Air Magic
 10879 | D:7      | Reached skill level 1 in Fighting
 11141 | D:8      | Reached skill level 2 in Fighting
 11424 | D:8      | Reached skill level 3 in Fighting
 11553 | D:8      | Noticed a two-headed ogre
 11566 | D:8      | Found a deep blue altar of Sif Muna.
 11567 | D:8      | Found a glowing golden altar of the Shining One.
 11745 | D:8      | Killed a two-headed ogre
 11745 | D:8      | Reached skill level 5 in Fighting
 11859 | D:8      | Found a sparkling altar of Nemelex Xobeh.
 11924 | D:8      | Found a staircase to the Lair.
 11936 | D:8      | Found a stormy altar of Qazlal.
 12554 | D:9      | Reached skill level 6 in Fighting
 12720 | D:9      | Found Gozag's Platinum Reserve.
 12720 | D:9      | Found an opulent altar of Gozag.
 12741 | D:9      | Reached XP level 11. HP: 81/81 MP: 8/23
 12801 | D:9      | Reached skill level 3 in Dodging
 12805 | D:9      | Reached skill level 4 in Dodging
 12857 | D:9      | HP: 24/81 [yak (5)]
 13021 | D:9      | Reached * piety under Fedhas
 13225 | D:9      | Reached skill level 5 in Dodging
 13228 | D:9      | Noticed a two-headed ogre
 13429 | D:9      | Noticed Joseph
 13489 | D:9      | Killed a two-headed ogre
 13489 | D:9      | Reached skill level 6 in Dodging
 13980 | D:9      | Killed Joseph
 14213 | D:9      | Found a staircase to the Orcish Mines.
 14370 | Lair:1   | Entered Level 1 of the Lair of Beasts
 14375 | Lair:1   | HP: 23/81 [wolf (9)]
 14376 | Lair:1   | Reached skill level 7 in Dodging
 14840 | Lair:1   | Noticed Gastronok
 14922 | Lair:1   | HP: 16/81 [swamp worm (18)]
 14944 | D:8      | HP: 24/81 [hippogriff (4)]
 14962 | D:8      | HP: 19/81 [hippogriff (6)]
 15100 | D:10     | Entered Level 10 of the Dungeon
 15243 | D:9      | Reached skill level 8 in Dodging
 15760 | D:10     | Noticed a two-headed ogre
 15928 | D:10     | Noticed a two-headed ogre
 15949 | D:10     | HP: 21/81 [two-headed ogre/giant club (11)]
 15950 | D:10     | Killed a two-headed ogre
 16343 | D:10     | Reached skill level 7 in Conjurations
 16542 | D:10     | Killed a two-headed ogre
 16542 | D:10     | Reached skill level 9 in Dodging
 16542 | D:10     | Reached XP level 12. HP: 86/88 MP: 1/24
 16797 | D:10     | Found a blossoming altar of Fedhas.
 17111 | D:11     | Noticed a two-headed ogre
 17126 | D:11     | HP: 23/88 [centaur/arrow (15)]
 17137 | D:11     | HP: 25/88 [centaur/arrow (9)]
 17650 | D:11     | Killed a two-headed ogre
 17650 | D:11     | Reached skill level 8 in Conjurations
 17804 | D:11     | Noticed a two-headed ogre
 17816 | D:11     | Killed a two-headed ogre
 17827 | D:11     | Noticed a five-headed hydra
 17895 | D:11     | Noticed a centaur warrior
 17915 | D:11     | Killed an unseen horror
 17915 | D:11     | Reached skill level 10 in Dodging
 18236 | D:11     | Reached skill level 9 in Conjurations
 18427 | D:11     | Identified the Catalogue of Malediction and Ice
 18433 | D:11     | Learned a level 3 spell: Ozocubu's Armour
 18464 | D:11     | Learned a level 4 spell: Fulminant Prism
 18861 | D:11     | Noticed a swamp dragon
 18861 | D:11     | a centaur warrior changed into a swamp dragon
 18874 | D:11     | Killed a swamp dragon
 19629 | Lair:1   | Killed Gastronok
 19629 | Lair:1   | Reached skill level 10 in Conjurations
 20352 | Lair:1   | Got a transparent robe
 20363 | Lair:1   | Identified the +0 robe "Goefromp" {rF- Str+4 SInv Stlth+} (You found it on level 1 of the Lair of Beasts)
 20532 | Lair:1   | Reached XP level 13. HP: 93/93 MP: 4/25
 20700 | Lair:1   | Reached skill level 9 in Spellcasting
 21005 | Lair:2   | HP: 25/93 [soldier ant (11)]
 21015 | Lair:2   | HP: 27/93 [soldier ant (4)]
 21020 | Lair:2   | HP: 23/93 [poisoned by a soldier ant]
 21025 | Lair:1   | HP: 15/93 [/static electricity (1)]
 21030 | Lair:1   | HP: 15/93 [poisoned by a soldier ant]
 21037 | Lair:1   | HP: 17/93 [poisoned by a soldier ant]
 21044 | Lair:1   | HP: 19/93 [poisoned by a soldier ant]
 21052 | Lair:1   | HP: 22/93 [poisoned by a soldier ant]
 21444 | Lair:2   | Reached skill level 10 in Spellcasting
 22268 | Lair:2   | HP: 26/93 [blink frog (7)]
 22274 | Lair:2   | HP: 18/93 [blink frog (3)]
 22680 | Lair:3   | Reached skill level 11 in Spellcasting
 22902 | Lair:3   | Noticed a six-headed hydra
 22912 | Lair:3   | Killed a six-headed hydra
 23066 | Lair:3   | Found a hole to the Spider Nest.
 23251 | Lair:3   | Noticed a six-headed hydra
 23281 | Lair:3   | Killed a six-headed hydra
 23740 | Lair:3   | Reached skill level 12 in Spellcasting
 24233 | D:7      | Bought the amulet "Saempiquyl" {Harm *Contam *Drain MR+ MP+9 Int+4} for 771 gold pieces
 24491 | Lair:3   | Noticed an eight-headed hydra
 24501 | Lair:3   | Killed an eight-headed hydra
 24763 | Lair:4   | Noticed a seven-headed hydra
 24768 | Lair:4   | Killed a seven-headed hydra
 25019 | Lair:4   | Found a staircase to the Swamp.
 25174 | Lair:4   | Reached XP level 14. HP: 100/100 MP: 30/30
 25430 | Lair:4   | Reached skill level 13 in Spellcasting
 25937 | Lair:5   | Found a staircase to the Slime Pits.
 26579 | Lair:6   | Entered Level 6 of the Lair of Beasts
 26861 | Lair:6   | Reached skill level 14 in Spellcasting
 26871 | Lair:6   | Learned a level 6 spell: Freezing Cloud
 26875 | Lair:6   | Learned a level 3 spell: Regeneration
 27051 | Lair:6   | Reached skill level 1 in Invocations
 27181 | Lair:6   | Reached skill level 3 in Invocations
 27511 | Lair:6   | --oh oops
 27513 | Lair:6   | Noticed a dire elephant
 27521 | Lair:6   | --huh
 27521 | Lair:6   | --mistakes were made
 27537 | Lair:6   | Killed a dire elephant
 27537 | Lair:6   | Reached skill level 4 in Invocations
 27575 | Lair:6   | Killed a dire elephant
 27749 | Lair:6   | Reached skill level 5 in Invocations
 27941 | Lair:6   | Noticed a dire elephant
 27960 | Lair:6   | Killed a dire elephant
 28027 | Lair:6   | Noticed a dire elephant
 28027 | Lair:6   | Noticed a dire elephant
 28035 | Lair:6   | Killed a dire elephant
 28036 | Lair:6   | Killed a dire elephant
 28321 | Orc:1    | Entered Level 1 of the Orcish Mines
 28394 | Orc:1    | Reached skill level 11 in Conjurations
 28442 | D:9      | HP: 30/100 [troll[an orc high priest] (18)]
 28861 | Orc:1    | Noticed an orc warlord
 28972 | D:9      | Killed an orc warlord
 28972 | D:9      | Reached skill level 11 in Air Magic
 28972 | D:9      | Reached XP level 15. HP: 84/105 MP: 33/33
 29281 | Orc:2    | Entered Level 2 of the Orcish Mines
 29307 | Orc:2    | Found an iron altar of Okawaru.
 29318 | Orc:2    | Noticed an orc warlord
 29496 | Orc:2    | Found Qosyprou's Antique Armour Emporium.
 29503 | Orc:2    | Noticed Snorg
 29899 | Orc:2    | Killed Snorg
 30160 | Orc:2    | Noticed Azrael
 30176 | Orc:2    | Killed Azrael
 30179 | Orc:2    | HP: 28/105 [burnt (7)]
 30457 | Orc:2    | Killed an orc warlord
 30458 | Orc:2    | Reached skill level 12 in Conjurations
 30962 | Orc:2    | Reached skill level 12 in Air Magic
 30964 | Orc:2    | Found a staircase to the Elven Halls.
 31015 | Orc:2    | Found Ettythe's Book Shoppe.
 31029 | Orc:2    | Bought a pair of runed boots for 180 gold pieces
 31041 | Orc:2    | Found Huanobagh's Antique Weapon Shop.
 31042 | Orc:2    | Found Qaijari's General Store.
 31079 | Orc:2    | Bought a scroll of fear for 49 gold pieces
 31106 | Orc:2    | Found a burning altar of Makhleb.
 31748 | Orc:2    | Reached ** piety under Fedhas
 31818 | Orc:2    | Bought a bronze leather armour for 168 gold pieces
 31828 | Orc:2    | Identified the +1 leather armour of the Final Souls {+Blink rCorr} (You bought it in a shop on level 2 of the Orcish Mines)
 31834 | Orc:2    | Bought a distressingly furry leather armour for 168 gold pieces
 31839 | Orc:2    | Identified the +0 leather armour of Kuesorch {Str+3 Stlth+} (You bought it in a shop on level 2 of the Orcish Mines)
 31866 | Orc:2    | Bought a scroll of enchant armour for 105 gold pieces
 31984 | D:6      | Bought 2 potions of heal wounds for 120 gold pieces
 31984 | D:6      | Bought a potion of heal wounds for 60 gold pieces
 31984 | D:6      | Bought a potion of magic for 96 gold pieces
 31984 | D:6      | Bought a potion of resistance for 120 gold pieces
 33040 | D:13     | Found Sulaun Xeivu's Food Shoppe.
 33159 | D:13     | Reached skill level 1 in Ice Magic
 33472 | D:13     | Reached skill level 2 in Ice Magic
 33515 | D:13     | Reached skill level 13 in Air Magic
 34316 | D:14     | Noticed Louise
 34876 | D:14     | Reached XP level 16. HP: 111/111 MP: 16/34
 35171 | D:14     | Killed Louise
 35171 | D:14     | Reached skill level 13 in Conjurations
 35679 | D:14     | Found a gate to the Vaults.
 36075 | D:15     | Entered Level 15 of the Dungeon
 36148 | D:15     | Noticed tcjsavannah's ghost (journeyman TrAr)
 36275 | D:15     | Reached skill level 14 in Air Magic
 36475 | D:15     | Found a hazy altar of Hepliaklqana.
 37044 | D:14     | Reached skill level 14 in Conjurations
 37472 | D:15     | Noticed a frost giant
 37477 | D:15     | Killed a frost giant
 37571 | D:15     | Killed tcjsavannah's ghost
 37645 | D:15     | Noticed a sphinx
 37649 | D:15     | Killed a sphinx
 37822 | D:15     | Got a warped marble ring
 37832 | D:15     | Identified the ring "Gazejur" {Fire Str+4 Int+4} (You found it on level 15 of the Dungeon)
 38023 | D:15     | Reached skill level 15 in Air Magic
 38110 | D:15     | Reached *** piety under Fedhas
 38337 | D:15     | Found a snail-covered altar of Cheibriados.
 38418 | D:15     | Got a faintly glowing amber ring
 38428 | D:15     | Reached XP level 17. HP: 91/117 MP: 9/35
 38587 | D:15     | Found a blossoming altar of Fedhas.
 38749 | D:15     | Noticed Kirke
 38757 | D:15     | Killed Kirke
 38757 | D:15     | Reached skill level 15 in Conjurations
 38789 | D:15     | Identified the ring of Doubts {rF- MR+++ Str+5 Stlth+} (You took it off a skeletal warrior on level 15 of the Dungeon)
 38813 | D:15     | Found a staircase to the Depths.
 38822 | D:15     | Reached skill level 1 in Shields
 39032 | D:15     | Reached skill level 2 in Shields
 39143 | D:15     | Reached skill level 3 in Shields
 39368 | D:15     | Reached skill level 4 in Shields
 39527 | D:15     | Identified the ring "Efucon" {+Blink rN+ MR+} (You found it on level 15 of the Dungeon)
 40173 | Swamp:1  | Entered Level 1 of the Swamp
 40554 | Swamp:1  | Identified the cursed +0 scale mail of Fueg {Str+4} (You found it on level 1 of the Swamp)
 40737 | Swamp:1  | Reached skill level 1 in Long Blades
 41288 | Swamp:1  | Got a steaming plate armour
 41289 | Swamp:1  | Identified the +4 plate armour of the Salamander {MR+ Dex+4} (You found it on level 1 of the Swamp)
 41436 | Swamp:2  | Reached skill level 2 in Long Blades
 41749 | Swamp:2  | Reached skill level 3 in Long Blades
 41825 | Swamp:2  | Got a scorched scale mail
 41826 | Swamp:2  | Identified the +4 scale mail "Tiadwoak" {rN+} (You took it off a spriggan rider on level 2 of the Swamp)
 42066 | Swamp:2  | Noticed a thorn hunter
 42257 | Swamp:2  | Reached skill level 4 in Long Blades
 43188 | Swamp:3  | Reached skill level 5 in Long Blades
 43422 | Swamp:3  | Reached skill level 15 in Spellcasting
 44364 | Swamp:4  | Entered Level 4 of the Swamp
 44380 | Swamp:3  | Reached **** piety under Fedhas
 44552 | Swamp:4  | Reached skill level 6 in Long Blades
 44577 | Swamp:4  | Reached XP level 18. HP: 106/123 MP: 2/37
 45113 | Swamp:4  | Noticed Bai Suzhen
 45764 | Swamp:4  | Reached skill level 7 in Long Blades
 45996 | Swamp:4  | Noticed the 27-headed Lernaean hydra
 46879 | Swamp:4  | Killed the 27-headed Lernaean hydra
 46879 | Swamp:4  | Reached skill level 8 in Long Blades
 46923 | Swamp:4  | Got a decaying rune of Zot
 47906 | Lair:4   | --ugh
 48059 | Spider:1 | Entered Level 1 of the Spider Nest
 48168 | Spider:1 | Got a coiled bronze amulet
 48169 | Spider:1 | Identified the amulet "Roichil" {Reflect rElec Str+3 SH+3} (You found it on level 1 of the Spider Nest)
 49086 | Spider:1 | Reached skill level 16 in Spellcasting
 49247 | Spider:1 | Reached skill level 9 in Long Blades
 49265 | Lair:3   | Reached ***** piety under Fedhas
 50460 | Spider:2 | Reached skill level 10 in Long Blades
 51660 | Spider:3 | Noticed Asterion
 51809 | Spider:3 | Reached skill level 11 in Long Blades
 52040 | Spider:3 | Reached XP level 19. HP: 129/129 MP: 20/39
 52366 | Spider:3 | Noticed Roxanne
 52669 | Spider:3 | --ah shit
 52669 | Spider:3 | Gained mutation: Scrolls take you a little longer to read. [a cacodemon]
 53375 | Spider:4 | Entered Level 4 of the Spider Nest
 53396 | Spider:4 | HP: 27/129 [entropy weaver (14)]
 53835 | Spider:3 | Killed Asterion
 53837 | Spider:3 | Got a distressingly furry shield
 54211 | Spider:3 | Killed Roxanne
 54211 | Spider:3 | Reached skill level 1 in Armour
 54213 | Spider:3 | Identified Roxanne's Papyrus of the Mountains (You took it off Roxanne on level 3 of the Spider Nest)
 54264 | Spider:3 | Identified the cursed +0 shield of Cowardice {Dex+2} (You took it off Asterion on level 3 of the Spider Nest)
 54366 | Spider:4 | Reached skill level 2 in Armour
 54658 | Spider:4 | Reached skill level 3 in Armour
 54939 | Spider:4 | Reached skill level 4 in Armour
 55355 | Spider:4 | Reached skill level 5 in Armour
 55945 | Spider:3 | Reached skill level 6 in Armour
 56289 | Spider:3 | HP: 37/129 [emperor scorpion (13)]
 56316 | Spider:3 | HP: 17/129 [emperor scorpion (25)]
 56316 | Spider:3 | HP: 8/129 [emperor scorpion (9)]
 56318 | Spider:3 | HP: 3/129 [emperor scorpion (20)]
 56318 | Spider:3 | HP: 1/129 [emperor scorpion (2)]
 56323 | Spider:3 | HP: 12/129 [emperor scorpion (16)]
 56814 | Spider:3 | Reached skill level 7 in Armour
 57460 | Spider:4 | Reached skill level 8 in Armour
 57868 | Spider:4 | Got a gossamer rune of Zot
 58280 | Vaults:1 | Entered Level 1 of the Vaults
 58576 | Vaults:1 | Reached skill level 9 in Armour
 58838 | Vaults:1 | Learned a level 2 spell: Blink
 58862 | Vaults:1 | Noticed Nikola
 58864 | Vaults:1 | Reached skill level 10 in Armour
 58998 | Vaults:1 | Killed Nikola
 59061 | Vaults:1 | Reached XP level 20. HP: 127/135 MP: 10/40
 59215 | Vaults:1 | Reached skill level 11 in Armour
 59242 | Vaults:1 | HP: 37/135 [deep troll[an ironheart preserver] (19)]
 60285 | Vaults:1 | Reached skill level 12 in Armour
 61353 | Vaults:2 | Reached skill level 5 in Shields
 61431 | Vaults:2 | Found a flickering gateway to a bazaar.
 61448 | Bazaar   | Entered a bazaar
 61448 | Bazaar   | Found Tinnuf's Food Emporium.
 61448 | Bazaar   | Found Cocru's Assorted Antiques.
 61448 | Bazaar   | Found Dirunn's Magic Scroll Shop.
 61450 | Bazaar   | Found Litiluh's Assorted Antiques.
 61450 | Bazaar   | Found Kuem's General Store.
 61470 | Bazaar   | Bought a scroll of blinking for 90 gold pieces
 61470 | Bazaar   | Bought a scroll of teleportation for 36 gold pieces
 61470 | Bazaar   | Bought a scroll of teleportation for 36 gold pieces
 61487 | Bazaar   | Bought 2 fuming ruby potions for 68 gold pieces
 61490 | Bazaar   | Bought a potion of cancellation for 72 gold pieces
 61495 | Bazaar   | Bought a shiny helmet for 112 gold pieces
 61523 | Bazaar   | Bought a ration for 45 gold pieces
 61523 | Bazaar   | Bought a ration for 45 gold pieces
 61523 | Bazaar   | Bought a ration for 45 gold pieces
 61523 | Bazaar   | Bought a ration for 45 gold pieces
 61523 | Bazaar   | Bought a ration for 45 gold pieces
 61523 | Bazaar   | Bought a ration for 45 gold pieces
 61523 | Bazaar   | Bought a ration for 45 gold pieces
 61523 | Bazaar   | Bought a ration for 45 gold pieces
 61523 | Bazaar   | Bought a ration for 45 gold pieces
 61523 | Bazaar   | Bought a ration for 45 gold pieces
 61523 | Bazaar   | Bought a ration for 45 gold pieces
 61529 | Bazaar   | Bought a ration for 45 gold pieces
 61529 | Bazaar   | Bought a ration for 45 gold pieces
 61534 | Bazaar   | Bought a potion of agility for 60 gold pieces
 61534 | Bazaar   | Bought a scroll of teleportation for 45 gold pieces
 61537 | Bazaar   | Bought a scroll of magic mapping for 42 gold pieces
 61609 | Vaults:2 | Got a bloodstained robe
 61612 | Vaults:2 | Identified the +3 robe of the Duke {rPois Dex+3 Stlth+} (You found it on level 2 of the Vaults)
 61620 | Vaults:2 | Mangled by a stone giant simulacrum

Vault maps used:
D:1:      dpeg_arrival_oval
D:2:      lemuel_crystal_altar, st_stairs_9, interstate_on_off, uniq_robin,
          uniq_sigmund, uniq_crazy_yiuf_cottage
D:3:      first_ration
D:4:      cheibrodos_helix_gallery, nicolae_ru_great_annihilating_truth
D:5:      nicolae_overflow_crystal_walls, lemuel_crystal_altar,
          gup_sewer_entry_bowl, minmay_misc_feat_alley, uniq_menkaure,
          uniq_grinder
D:6:      cheibrodos_two_vegetables, lemuel_round_altar,
          minmay_temple_entry_statues_pillars, serial_shops, shop, minmay_bent
D:7:      serial_shops, shop_fountains
D:8:      nicolae_qazlal_style_of_elements, nemelex_xobeh_ov_fountains_minmay,
          grunt_temple_overflow_open, david_lair_shrubbed,
          hangedman_pestilent_swarm, uniq_grum
D:9:      hiddenorc1_lemuel, amethyst_killhole, nicolae_gozag_zags_fifth_avenue,
          uniq_joseph
D:10:     hangedman_tree_tricks
D:11:     minmay_cut_squares
D:13:     serial_shops, shop, minmay_three_doors
D:14:     lightli_vaults_fourway_checkpoint, serial_park_gazebo,
          bh_walls_and_bars, uniq_louise
D:15:     hangedman_spin_cycle
Temple:   dshaligram_water_room_temple
Lair:1:   zaba_anthole, worms_lemuel, uniq_gastronok
Lair:2:   beast_lair_carwin_large_3, minivault_29
Lair:3:   spider_nest_entry_a, kennysheep_abandoned_house, lemuel_fruit_tree
Lair:4:   swamp_mist
Lair:5:   nicolae_slime_entry_slimehenge
Lair:6:   due_jungle_book
Swamp:1:  evilmike_swamp_ruin_rubble_2, swamp_pool4
Swamp:2:  hangedman_swamp_blocks
Swamp:3:  evilmike_swamp_ruin_house_1, swamp_pool2, hangedman_swamp_wriggling,
          infiniplex_staircase_pool
Swamp:4:  swamp_old_school, uniq_bai_suzhen
Spider:1: guppyfry_hornet_nest
Spider:3: uniq_kirke, uniq_roxanne, uniq_asterion
Spider:4: grunt_spider_rune_circles
Orc:2:    grunt_orc_gardens, grunt_orc_garden, grunt_orc_garden,
          grunt_orc_garden, grunt_orc_garden, basic_altar,
          okawaru_metal_pillars_1_2, uniq_snorg, uniq_azrael
Vaults:1: v_misc_19, nicolae_vaults_rhombus_6, vaults_room_pools,
          nicolae_vaults_ninety_degrees, nicolae_vaults_hallways_thing,
          hangedman_vaults_maws, uniq_nikola
Vaults:2: v_misc_29, dpeg_vaults_monster_row, nicolae_vaults_c_with_doors,
          grunt_vaults_diagonal, grunt_vaults_funnel, v_misc_24,
          vaults_dpeg_encased_lava, nicolae_vaults_border_crossing,
          nicolae_vaults_little_squares_5, nicolae_vaults_alarming,
          nicolae_vaults_stairing_the_circle, vaults_dpeg_ring,
          nicolae_vaults_little_ls, serial_shops, bzr_entry_dummy
Bazaar:   bazaar_minmay_generic_island
Sewer:    sewer_frog_island_01

Action                   |  1- 3 |  4- 6 |  7- 9 | 10-12 | 13-15 | 16-18 | 19-21 || total
-------------------------+-------+-------+-------+-------+-------+-------+-------++-------
Melee: Unarmed           |     5 |       |       |       |       |       |       ||     5
       Dagger            |     5 |     7 |       |       |    19 |       |       ||    31
       Whip              |       |    26 |     9 |   161 |   205 |       |       ||   401
       Quarterstaff      |       |    10 |       |       |       |       |       ||    10
       Staff             |       |       |       |       |    61 |       |       ||    61
       Scimitar          |       |       |       |       |    47 |   309 |   248 ||   604
 Cast: Shock             |    76 |   130 |   161 |    88 |    64 |     6 |     2 ||   527
       Static Discharge  |       |     4 |    21 |    69 |    59 |    77 |    34 ||   264
       Airstrike         |       |       |    44 |   180 |   467 |   638 |   284 ||  1613
       Lightning Bolt    |       |       |       |    30 |    73 |    68 |    62 ||   233
       Ozocubu's Armour  |       |       |       |       |     1 |     1 |       ||     2
       Regeneration      |       |       |       |       |       |     2 |       ||     2
       Freezing Cloud    |       |       |       |       |       |     1 |     3 ||     4
Invok: Fungal Bloom      |       |       |       |     5 |    12 |     7 |     4 ||    28
       Evolution         |       |       |       |     2 |    19 |       |       ||    21
Evoke: Wand              |       |       |       |    30 |     4 |     5 |     4 ||    43
       Phial of floods   |       |       |       |       |     2 |     1 |     1 ||     4
       Lamp of fire      |       |       |       |       |       |     1 |     2 ||     3
  Use: Scroll            |       |       |     7 |    11 |    11 |    22 |     9 ||    60
       Potion            |       |       |       |     5 |     2 |       |    15 ||    22
 Stab: Sleeping          |     1 |     1 |       |     1 |     1 |     1 |       ||     5
       Distracted        |       |       |       |     1 |     2 |       |       ||     3
       Confused          |       |       |       |       |     1 |       |       ||     1
  Eat: Chunk             |     5 |    10 |    18 |    43 |    39 |    27 |     3 ||   145
       Ration            |       |       |     2 |     5 |     4 |     9 |     8 ||    28
Armor: Robe              |     8 |    64 |    11 |    17 |       |       |       ||   100
       Troll leather arm |       |       |       |    58 |   186 |    81 |       ||   325
       Swamp dragon scal |       |       |       |       |       |   338 |   285 ||   623
Dodge: Dodged            |    38 |   122 |    40 |   259 |   575 |   841 |   460 ||  2335
Block: Buckler           |       |       |       |       |       |   179 |    92 ||   271
       Shield            |       |       |       |       |       |       |    21 ||    21
       Rpst.: Scimitar   |       |       |       |       |    14 |   134 |    67 ||   215

Skill      XL: |  1  2  3  4  5  6  7  8  9 10 11 12 13 14 15 16 17 18 19 20 |
---------------+-------------------------------------------------------------+-----
Conjurations   | 2 3 4 5 6 7 10 11 12 14 15 | 15.1
Air Magic      | 4 5 6 8 10 11 13 15 | 15.0
Spellcasting   | 6 8 12 14 15 16 | 16.0
Fighting       | 6 |  6.1
Dodging        | 9 10 | 10.1
Invocations    | 5 |  5.1
Ice Magic      | 2 |  2.0
Shields        | 4 5 |  5.8
Long Blades    | 6 11 | 11.7
Armour         | 10 12 | 12.0
Stealth        | |  2.0
